 Dungeon Crawl Stone Soup version 0.31-a0-963-ga325b2283a (webtiles) character file.

Game seed: 11069108351642146675

391 javelincjr the Sneak (level 6, -6/36 HPs)
             Began as an Octopode Summoner on Oct 25, 2023.
             Killed from afar by an electric eel (7 damage)
             ... with a bolt of electricity
             ... on level 4 of the Dungeon.
             The game lasted 00:16:18 (4718 turns).

javelincjr the Sneak (Octopode Summoner)            Turns: 4718, Time: 00:16:19

Health: -6/36      AC:  5    Str:  8    XL:     6   Next: 80%
Magic:  9/12       EV: 14    Int: 19    God:
Gold:   249        SH:  0    Dex: 18    Spells: 7/13 levels left

rFire   . . .        q - +2 whip (venom)
rCold   . . .        (no shield)
rNeg    . . .        (helmet restricted)
rPois   .            (no amulet)
rElec   .            d - +4 ring of protection
rCorr   .            r - +6 ring of dexterity
SInv    .            (no ring)
Will    .....        (no ring)
Stlth   ++++         (no ring)
HPRegen 0.26/turn    (no ring)
MPRegen 0.13/turn    (no ring)
                     (no ring)

%: no passive effects
@: no status effects
A: almost no armour, amphibious, 8 rings, camouflage 1, gelatinous body 1,
(nimble swimmer 1), tentacles
a: no special abilities


You were on level 4 of the Dungeon.
You visited 1 branch of the dungeon, and saw 4 of its levels.

You collected 249 gold pieces.

Inventory:

Hand Weapons
 f - a +1 dagger of venom
 o - a +2 quarterstaff of chaos
 q - a +2 whip of venom (weapon)
 u - a +1 short sword of holy wrath
Missiles
 k - 16 poisoned darts
Jewellery
 d - a +4 ring of protection (left tentacle)
 r - a +6 ring of dexterity (right tentacle)
Wands
 v - a wand of flame (15)
Scrolls
 b - 2 scrolls of teleportation {unknown}
 g - a scroll of silence {unknown}
 h - a scroll of enchant weapon {unknown}
 i - 2 scrolls of blinking {unknown}
 m - a scroll of identify {unknown}
 n - a scroll of revelation {unknown}
 p - a scroll of immolation {unknown}
 s - a scroll of poison {unknown}
Potions
 a - a potion of magic
 c - 4 potions of might {unknown}
 e - a potion of invisibility {unknown}
 j - 2 potions of lignification {unknown}
 l - a potion of curing {unknown}
 t - a potion of cancellation {unknown}


   Skills:
 + Level 3.6 Dodging
 + Level 5.1 Stealth
 * Level 4.2 Spellcasting
 + Level 5.0 Summonings


You had 7 spell levels left.
You knew the following spells:

 Your Spells              Type           Power      Damage    Failure   Level
a - Summon Small Mammal   Summ           92%        N/A       1%          1
b - Call Imp              Summ           46%        N/A       2%          2
c - Call Canine Familiar  Summ           23%        N/A       4%          3

Your spell library contained the following spells:

 Spells                   Type           Power      Damage    Failure   Level
 Necrotise                Necr           12%        1d4       14%         1
 Summon Guardian Golem    Hex/Summ       13%        N/A       14%         3
 Inner Flame              Hex/Fire       3%         N/A       38%         3
 Vampiric Draining        Necr           3%         2d6       38%         3
 Summon Lightning Spire   Summ/Air       13%        N/A       43%         4
 Agony                    Necr           3%         N/A       98%         5
 Yara's Violent Unravell  Hex/Tmut       1%         3d3       98%         5
 Enfeeble                 Hex            1%         N/A       100%        7


Dungeon Overview and Level Annotations

Branches:
Dungeon (4/15)
 Temple: D:4-7

Altars:
Cheibriados
Dithmenos
Elyvilon
Ru
The Shining One

Annotations:
D:4 1 transporter


Innate Abilities, Weirdness & Mutations

You cannot wear most types of armour.
You are amphibious.
You can wear up to eight rings at the same time.
Your skin changes colour to match your surroundings (Stealth+).
Your rubbery body absorbs attacks. (AC +1, EV +1)
((You are camouflaged when in or above water. (Stealth+)))
You have tentacles for arms and can constrict up to eight enemies at once.


Message History

Your hound barely misses the electric eel.
You swap places.
Your hound bites the electric eel.
There is an open door here.
Your hound barely misses the electric eel.
Your hound misses the electric eel. You hit the electric eel.
Your grab misses the electric eel.
The electric eel is lightly wounded.
Your cerulean imp closely misses the electric eel.
Your hound bites the electric eel.
The electric eel shoots out a bolt of lightning at you!
The bolt of electricity hits you.
The bolt of electricity hits your cerulean imp.
Your cerulean imp resists.
The bolt of electricity hits your cerulean imp.
Your cerulean imp resists.
The bolt of electricity misses you.
Your cerulean imp hits the electric eel from afar with a -2 spear.
You closely miss the electric eel. You grab the electric eel.
The electric eel is lightly wounded.
You constrict the electric eel.
Your hound completely misses the electric eel.
The electric eel shoots out a bolt of lightning at you!
The bolt of electricity hits your hound!
The bolt of electricity misses you. The bolt of electricity hits you!
* * * LOW HITPOINT WARNING * * *
The bolt of electricity hits your hound!
Your hound dies!
Your hound's corpse disappears in a puff of smoke!
The bolt of electricity hits the electric eel.
The electric eel completely resists.
Your cerulean imp hits the electric eel from afar with a -2 spear.
You swap places.
You release your grip on the electric eel.
The electric eel shoots out a bolt of lightning at you!
The bolt of electricity hits your cerulean imp.
Your cerulean imp resists.
The bolt of electricity hits you!
* * * LOW HITPOINT WARNING * * *
The bolt of electricity hits you!
You die...

#.............## #####.#.##
###..##.######.## ##.##
#.......# #.# ##.##
#.#.....######.####### ##...##
#.##.................###.....##
#.##.###############.##.......#
.#...#8P#~~~~~~~#P8#.#........#
#....#..#~~P~~..#..#..#.......#
#...©#©$+~~~⌠P..@.©#©........##
.....#..#~~P~S§5#..#........##
#.#..#8P#~~~~~SS#~8#.##...###
#>##.###############.##).#####
#.##.......................>.#
#...#########...####.##.####.#
#...## ##'## #......##.# .....#
#.# #......##.# .#.#.# #.#
#......##.#


You could see 3 electric eels and a friendly cerulean imp (summoned).

Vanquished Creatures
  Crazy Yiuf (D:2)
  2 gnolls (D:4)
  An adder (D:4)
  A worm (D:4)
  3 dart slugs
  4 orcs (D:4)
  3 bats (D:3)
  An endoplasm (D:1)
  A giant cockroach (D:1)
  2 goblins (D:1)
  4 hobgoblins
  7 jackals
  3 ball pythons
  2 frilled lizards
  2 kobolds
37 creatures vanquished.

Vanquished Creatures (collateral kills)
  A water moccasin (D:4)
  A black bear (D:4)
  A gnoll (D:4)
  4 adders
  2 dart slugs
  An orc (D:4)
  3 bats (D:1)
  3 endoplasms
  3 goblins
  2 hobgoblins (D:1)
  2 jackals
  5 kobolds
  A quokka (D:1)
  4 ball pythons
  2 frilled lizards (D:3)
  3 rats
38 creatures vanquished.

Grand Total: 75 creatures vanquished

Notes
Turn   | Place    | Note
-------+----------+-------------------------------------------
     0 | D:1      | javelincjr the Octopode Summoner began the quest for the
                  | Orb.
     0 | D:1      | Reached XP level 1. HP: 11/11 MP: 3/3
    94 | D:1      | Reached XP level 2. HP: 13/17 MP: 1/5
    97 | D:1      | Learned a level 2 spell: Call Imp
   563 | D:1      | Reached XP level 3. HP: 21/21 MP: 2/6
  1850 | D:2      | Found a snail-covered altar of Cheibriados.
  1902 | D:2      | Reached XP level 4. HP: 27/27 MP: 5/8
  2138 | D:2      | Found a runed translucent door.
  2139 | D:2      | Noticed Crazy Yiuf
  2148 | D:2      | Killed Crazy Yiuf
  2229 | D:2      | You fall into a shaft and drop 2 floors!
  2231 | D:4      | Found a white marble altar of Elyvilon.
  2255 | D:4      | Found a sacrificial altar of Ru.
  2507 | D:3      | Reached XP level 5. HP: 31/31 MP: 6/9
  2773 | D:3      | Found a shadowy altar of Dithmenos.
  2790 | D:3      | Identified the +2 robe of Gravitas {rElec}
  3332 | D:4      | Noticed a black bear
  3361 | D:4      | Killed a black bear
  3362 | D:4      | Reached XP level 6. HP: 33/36 MP: 6/11
  3511 | D:4      | Noticed a water moccasin
  3536 | D:4      | Killed a water moccasin
  3620 | D:4      | Reached skill level 5 in Stealth
  3623 | D:4      | Reached skill level 5 in Summonings
  3771 | D:4      | Found a transporter.
  4008 | D:4      | Found a glowing golden altar of the Shining One.
  4033 | D:4      | Found a transporter.
  4704 | D:4      | Learned a level 3 spell: Call Canine Familiar
  4718 | D:4      | HP: 1/36 [electric eel/bolt of electricity (10)]
  4718 | D:4      | Killed from afar by an electric eel

Illustrated notes

Levels and vault maps discovered:
D:1:      shiori_arrival_oz, layout_basic
D:2:      layout_basic, basic_altar, uniq_crazy_yiuf_cottage
D:3:      layout_loops_ring, overflow_temple_1_default,
          nicolae_concentric_dashed_squares_mild, chequers_serial_rivers_micro_d
D:4:      gammafunk_steamed_eel, layout_loops_corners,
          overflow_temple_1_default, mainiacjoe_overflow_catwalk_spiral

Skill      XL: |  1  2  3  4  5  6 |
---------------+-------------------+-----
Stealth        | 3 4 5 |  5.1
Spellcasting   | 3 4 |  4.2
Dodging        | 3 |  3.6
Summonings     | 5 |  5.0

Action                     |  1- 3 |  4- 6 || total
---------------------------+-------+-------++-------
  Melee: Unarmed           |    37 |       ||    37
         Constrict         |    17 |    20 ||    37
         Tentacles         |    14 |    16 ||    30
         Dagger            |    13 |    31 ||    44
         Whip              |       |    30 ||    30
   Cast: Summon Small Mamm |    27 |    20 ||    47
         Call Imp          |    21 |    22 ||    43
         Call Canine Famil |       |     1 ||     1
   Stab: Sleeping          |     6 |     2 ||     8
 Armour: Skin              |    21 |    48 ||    69
  Dodge: Dodged            |    33 |    41 ||    74

Table legend: (Time is in decaauts)
 A = Elapsed time spent in this place.
 B = Non-inter-level travel time spent in this place.
 C = Inter-level travel time spent in this place.
 D = Time resting spent in this place.
 E = Time spent auto-exploring this place.
 F = Levels seen in this place.
 G = Mean time per level.
                   A        B        C        D        E       F      G
               +--------+--------+--------+--------+--------+-----+--------+
         Total |   4719 |   4647 |     72 |    274 |   3494 |   4 | 1179.8 |
       Dungeon |   4719 |   4647 |     72 |    274 |   3494 |   4 | 1179.8 |
               +--------+--------+--------+--------+--------+-----+--------+

Top non-repeatable levels by time:
     D:4: 1512 daAuts
     D:1: 1330 daAuts
     D:3: 954 daAuts
     D:2: 922 daAuts
